 Dungeon Crawl Stone Soup version 0.29.1-1-gd02db6906a (webtiles) character file.

Game seed: 15752068213631652050

413 safid the Skirmisher (level 6, 0/51 HPs)
             Began as a Minotaur Hunter on Oct 21, 2022.
             Killed by nerve-wracking pain
             ... invoked by Grinder
              (9 damage)
             ... while paralysed by Grinder
             ... on level 4 of the Dungeon.
             The game lasted 00:05:30 (3631 turns).

safid the Skirmisher (Minotaur Hunter)              Turns: 3631, Time: 00:05:30

Health: 0/51       AC:  9    Str: 19    XL:     6   Next: 59%
Magic:  5/5        EV:  2    Int:  5    God:
Gold:   64         SH:  0    Dex: 18    Spells: 5/5 levels left

rFire   . . .      SeeInvis .   a - +0 shortbow
rCold   + . .      Faith    .   (shield currently unavailable)
rNeg    . . .      Spirit   .   j - +2 ring mail {rC+}
rPois   .          Reflect  .   (helmet unavailable)
rElec   .          Harm     .   (no cloak)
rCorr   .          Rampage  .   i - +1 pair of gloves {Dex+3}
Will    .....                   (no boots)
Stlth   +.........              (no amulet)
HPRegen 0.17/turn               (no ring)
MPRegen 0.09/turn               (no ring)

@: paralysed, flying
A: horns 3, retaliatory headbutt, strong 1
a: no special abilities


You were on level 4 of the Dungeon.
You visited 1 branch of the dungeon, and saw 4 of its levels.

You collected 236 gold pieces.
You spent 172 gold pieces at shops.

Inventory:

Hand Weapons
 a - a +0 shortbow (weapon)
Armour
 i - a +1 pair of gloves of dexterity (worn)
 j - a +2 ring mail of cold resistance (worn)
Scrolls
 e - a scroll of fog {unknown}
 g - a scroll of magic mapping {unknown}
 k - a scroll of identify {unknown}
 m - a scroll of enchant armour {unknown}
Potions
 b - 2 potions of flight
 c - 2 potions of curing
 d - a potion of berserk rage {unknown}
 f - a potion of mutation
 h - a potion of brilliance {unknown}
 l - a potion of attraction {unknown}


   Skills:
 - Level 3.0 Fighting
 + Level 8.6 Ranged Weapons
 - Level 2.1 Dodging
 - Level 0.7 Stealth


You had 5 spell levels left.
You didn't know any spells.
Your spell library contained the following spells:

 Spells                   Type           Power      Damage    Failure   Level
 Ignite Poison            Fire/Tmut/Pois 0%         N/A       95%         3
 Mephitic Cloud           Conj/Pois/Air  0%         N/A       95%         3
 Freezing Cloud           Conj/Ice/Air   0%         6-21      100%        5


Dungeon Overview and Level Annotations

Branches:
Dungeon (4/15)
 Temple: D:4-7

Altars:
Wu Jian

Shops:
D:1 [

Annotations:
D:3 3 runed translucent doors, safid's ghost, amateur MiHu
D:4 Grinder


Innate Abilities, Weirdness & Mutations

You have a pair of large horns on your head.
You reflexively headbutt those who attack you in melee.
Your muscles are strong. (Str +4, Int/Dex -1)


Message History

The black bear barely misses you. You furiously retaliate!
You headbutt the black bear! The black bear claws you.
The black bear barely misses you.
Grinder blinks!
Fire: a) +0 shortbow
Press: ? - help, Q - select action Shift-Dir - straight line, f/p - black bear
Aim: a black bear (almost dead, 72% to hit)
You shoot an arrow. The arrow hits the black bear!
You kill the black bear!
Grinder says, "Mostly I couldn't keep them alive."
Grinder barely misses you. Grinder hits you but does no damage.
Fire: a) +0 shortbow
Press: ? - help, Q - select action Shift-Dir - straight line, f - Grinder
Aim: Grinder (63% to hit)
You shoot an arrow. The arrow barely misses Grinder.
Grinder hits you!
You writhe in agony.
* * * LOW HITPOINT WARNING * * *
It was a potion of curing.
You feel better. Grinder gestures at you. Pain shoots through your body!
It was a potion of flight.
You feel very buoyant.
You fly up into the air.
Grinder says, "Tell me all your secrets, or I'll kill you."
Grinder gestures at you.
You barely resist.
It was a potion of mutation.
You feel extremely strange.
You feel the urge to shout.
Your urge to shout disappears.
The horns on your head grow some more.
You feel stronger. Grinder gestures at you. Pain shoots through your body!
* * * LOW HITPOINT WARNING * * *
Fire: a) +0 shortbow
Press: ? - help, Q - select action Shift-Dir - straight line, f/p - Grinder
Aim: Grinder (63% to hit)
You shoot an arrow. The arrow barely misses Grinder.
Grinder gestures at you.
You suddenly lose the ability to move!
Grinder gestures at you. Pain shoots through your body!
You die...

#.....##
##......###############
<))..##...............#
.)...#######.##.#####.#
##...#######.##.#####.#
.............##.......#
........#######..######
........# #..#
........# #.@#
##...#### #5.# ##.##
#..# #<. ...# ### ###.#
#.# #.# #.#


You could see Grinder.

Vanquished Creatures
  A black bear (D:4)
  An orc priest (D:4)
  Ijyb (D:3)
  Natasha (thrice) (D:2)
  3 orc wizards
  An adder (D:2)
  3 dart slugs
  12 orcs
  9 ball pythons
  6 endoplasms
  5 giant cockroaches
  6 goblins
  6 hobgoblins
  5 jackals (D:1)
  A quokka (D:3)
  8 bats
  5 frilled lizards
  6 kobolds
  8 rats
90 creatures vanquished.

Vanquished Creatures (others)
  5 plants (D:2)
5 creatures vanquished.

Grand Total: 95 creatures vanquished

Notes
Turn   | Place    | Note
-------+----------+-------------------------------------------
     0 | D:1      | safid the Minotaur Hunter began the quest for the Orb.
     0 | D:1      | Reached XP level 1. HP: 18/18 MP: 0/0
   167 | D:1      | Reached XP level 2. HP: 24/25 MP: 1/1
   243 | D:1      | Reached skill level 5 in Ranged Weapons
   527 | D:1      | Reached XP level 3. HP: 31/31 MP: 2/2
   782 | D:1      | Found Vaggydu's Antique Armour Boutique.
  1046 | D:1      | Found a faded altar of an unknown god.
  1114 | D:2      | Found an ornate altar of the Wu Jian Council.
  1645 | D:2      | Noticed Natasha
  1658 | D:2      | Killed Natasha
  1659 | D:2      | Reached skill level 6 in Ranged Weapons
  1659 | D:2      | Reached XP level 4. HP: 10/38 MP: 3/3
  2075 | D:2      | Noticed Natasha
  2082 | D:2      | Killed Natasha
  2227 | D:1      | Bought a pair of runed gloves for 172 gold pieces
  2493 | D:2      | Noticed Natasha
  2499 | D:2      | Killed Natasha
  2500 | D:2      | Reached XP level 5. HP: 36/45 MP: 4/4
  2664 | D:2      | Reached skill level 7 in Ranged Weapons
  2905 | D:3      | Noticed Ijyb
  2951 | D:3      | Killed Ijyb
  3154 | D:3      | Noticed a phantom
  3158 | D:3      | Noticed safid's ghost (amateur MiHu)
  3166 | D:3      | Found a runed translucent gate.
  3166 | D:3      | Found a runed translucent gate.
  3166 | D:3      | Found a runed translucent gate.
  3590 | D:4      | Reached skill level 8 in Ranged Weapons
  3590 | D:4      | Reached XP level 6. HP: 26/51 MP: 5/5
  3622 | D:4      | Noticed Grinder
  3629 | D:4      | Gained mutation: You occasionally shout uncontrollably at
                  | your foes. [potion of mutation]
  3629 | D:4      | Lost mutation: You occasionally shout uncontrollably at
                  | your foes. [potion of mutation]
  3629 | D:4      | Gained mutation: You have a pair of large horns on your
                  | head. [potion of mutation]
  3629 | D:4      | Gained mutation: Your muscles are strong. (Str +4, Int/Dex
                  | -1) [potion of mutation]
  3630 | D:4      | Paralysed by Grinder for 4 turns
  3631 | D:4      | Killed from afar by Grinder

Illustrated notes

Levels and vault maps discovered:
D:1:      dpeg_arrival_windows_large_door, layout_loops_ring, serial_shops,
          shop, shapermc_ecumenical_altar_petra, st_stairs_10
D:2:      cheibrodos_old_hovel, layout_basic, basic_altar, uniq_natasha
D:3:      layout_loops_ring, gammafunk_ghost_split, uniq_ijyb
D:4:      layout_loops_ring, minitemple, portal_sewer_entry_f, uniq_grinder,
          uniq_pikel, uniq_robin, uniq_edmund

Skill      XL: |  1  2  3  4  5 |
---------------+----------------+-----
Fighting       | 3 |  3.0
Ranged Weapons | 5 6 8 |  8.6
Dodging        | |  2.1
Stealth        | |  0.7

Action                   |  1- 3 |  4- 6 || total
-------------------------+-------+-------++-------
 Fire: Shortbow          |   142 |   138 ||   280
  Use: Potion            |       |     3 ||     3
Armor: Leather armour    |     9 |       ||     9
       Ring mail         |    19 |    37 ||    56
Dodge: Dodged            |    51 |    37 ||    88
